Unix NetHack Version 3.7.0-89 Work-in-progress - last build Nov 3 2023 05:48:50 (ea8ed35e81eded05176fbf39db35bf4bcaa3adb9,branch:master). Game began 2023-11-15 21:40:22, ended 2023-11-15 22:09:25. Oski, lawful male human Knight ---------- ---- |.........# ---- |..| ###.........| |...| #...| # |.._.....| ########-%*.|#########a|..| ------------ ### ..........### |....# ## ###Z@..| |..........| # --------|-## ...|## |`.| |.......<..| -----------## ..| ---- |..........+ |.........|# ..| -------.---- |.........-## # |.........|## # ...........## # |.........|# # ## -----------# # ################## # ## -- -----.-- # # |..........###### |......>..| ----------- Oski the Esquire St:14 Dx:9 Co:13 In:7 Wi:17 Ch:17 Lawful S:594 Dlvl:5 $:74 HP:0(29) Pw:31(31) AC:3 Xp:3/65 T:1803 Latest messages: The cave spider bites! You miss the cave spider. The cave spider misses! You miss the cave spider. The cave spider bites! You kill the cave spider! There is a doorway here. You see here a cave spider corpse. There is a doorway here. You see here a cave spider corpse. There is a cave spider corpse here; eat it? [ynq] (n) y This cave spider corpse is tough. You stop eating the cave spider corpse. You destroy the kobold zombie! There is a partly eaten cave spider corpse here; eat it? [ynq] (n) y You consume the last bite of your meal. You finish eating the cave spider corpse. You see here 2 food rations. A - 2 food rations. The giant ant bites! The giant ant bites! You hit the giant ant! The giant ant misses! You miss the giant ant. The giant ant bites! The giant ant bites! You miss the giant ant. The giant ant bites! The giant ant bites! You miss the giant ant. The giant ant misses! You hit the giant ant. The giant ant bites! The giant ant just misses! The giant ant just misses! You kill the giant ant! The giant ant misses! You see here 10 darts. The giant ant misses! The gnome zombie hits! The giant ant bites! The giant ant bites! You miss the gnome zombie. The giant ant bites! You die... Do you want your possessions identified? [ynq] (y) y Do you want to see your attributes? [ynq] (y) y Do you want an account of creatures vanquished? [ynaq] (y) y Do you want to see your conduct and achievements? [ynq] (y) y Do you want to see the dungeon overview? [ynq] (y) y Inventory: Coins $ - 74 gold pieces Weapons l - 8 +3 darts a - a +1 long sword (weapon in hand) Armor d - an uncursed +0 helmet (being worn) f - an uncursed +0 pair of leather gloves (being worn) e - an uncursed +0 small shield (being worn) c - a blessed +1 ring mail (being worn) Comestibles g - 11 uncursed apples h - 13 uncursed carrots m - an uncursed food ration A - 2 uncursed food rations Scrolls i - an uncursed scroll of blank paper o - a blessed scroll of confuse monster j - an uncursed scroll of confuse monster y - an uncursed scroll of genocide u - an uncursed scroll of identify v - an uncursed scroll of remove curse n - an uncursed scroll of teleportation Potions t - an uncursed potion of blindness k - an uncursed potion of restore ability Wands q - a wand of lightning (0:5) Tools s - an uncursed lock pick z - 2 uncursed tallow candles w - an uncursed tin whistle named tin Oski the Knight's attributes: Background: You were an Esquire, a level 3 male human Knight. You were lawful, on a mission for Lugh who was opposed by Brigit (neutral) and Manannan Mac Lir (chaotic). You were in the Dungeons of Doom, on level 5. You entered the dungeon 1803 turns ago. It was nighttime. There was a new moon in effect when your adventure ended. You had 65 experience points, 15 more were needed to attain level 4. Your score was 594 before end-of-game adjustments. Basics: You had 0 out of 29 hit points. You had all 31 energy points (spell power). Your armor class was 3. Your wallet contained 74 zorkmids. Autopickup was off. Final Characteristics: Your strength was 14 (limit:18/100). Your dexterity was 9 (limit:18). Your constitution was 13 (limit:18). Your intelligence was 7 (limit:18). Your wisdom was 17 (limit:18). Your charisma was 17 (limit:18). Final Status: You weren't hungry. You were unencumbered. You were wielding a long sword. You had basic skill with long sword. Final Attributes: You were devoutly aligned. You could jump. You were warded. You are dead. Miscellaneous: You never encountered a bones level. Total elapsed playing time was 29 minutes and 1 second. Major events: Turn 1: Oski the lawful male human Knight entered the dungeon 1310: attained the rank of Esquire (level 3) 1417: entered the Gnomish Mines 1803: killed by a giant ant Vanquished creatures: a pony a shrieker a giant ant a giant bat a coyote a cave spider a brown mold a gnome a gecko 3 jackals a fox a goblin 2 sewer rats 4 grid bugs a bat 2 lichens 3 kobold zombies 3 newts 29 creatures vanquished. No species were genocided or became extinct. Voluntary challenges: You read items or engraved 1 time. You engraved Elbereth 1 time. You never genocided any monsters. You never polymorphed an object. You never changed form. You used no wishes. Achievements: You entered a shop. You attained the rank of Esquire. You entered the Gnomish Mines. The Dungeons of Doom: levels 1 to 6 Level 1: Level 2: A general store, a fountain, a grave. Level 3: A fountain. Level 4: An altar to Lugh, a fountain. Stairs down to The Gnomish Mines. Level 5: <- You were here. An altar. Final resting place for you, killed by a giant ant. Level 6: The Gnomish Mines: Level 5: Game over: ---------- / \ / REST \ / IN \ / PEACE \ / \ | Oski | | 74 Au | | killed by a | | giant ant | | | | | | 2023 | *| * * * | * _________)/\\_//(\/(/\)/\//\/|_)_______ Fare thee well Oski the Knight... You died in The Dungeons of Doom on dungeon level 5 with 587 points, and 74 pieces of gold, after 1803 moves. You were level 3 with a maximum of 29 hit points when you died.